 Dungeon Crawl Stone Soup version 0.18.1-8-gdd0e5ea (webtiles) character file.

9780 Hipnos the Summoner (level 11, -3/75 HPs)
             Began as a Mummy Wizard on May 21, 2016.
             Was a High Priest of Sif Muna.
             Slain by a four-headed hydra (11 damage)
             ... on level 1 of the Lair of Beasts on May 22, 2016.
             The game lasted 02:23:45 (22245 turns).

Hipnos the Summoner (Mummy Wizard)                 Turns: 22245, Time: 02:23:46

Health: -3/75      AC:  7    Str: 11    XL:     11   Next: 27%
Magic:  7/20       EV: 12    Int: 27    God:    Sif Muna [*****.]
Gold:   524        SH:  3    Dex:  7    Spells: 6 memorised, 8 levels left

rFire  . . .     SeeInvis +     t - +0 trident
rCold  + . .     Gourm    .     o - +2 robe {rN+}
rNeg   + + +     Faith    .     C - +0 buckler
rPois  ∞         Spirit   .     x - +0 helmet
rElec  .         Dismiss  .     g - +0 cloak
rCorr  .         Reflect  .     (no gloves)
SustAt .         Harm     .     h - +0 pair of boots
MR     +....                    y - amulet of rage
Stlth  ++........               E - ring of see invisible
                                B - ring "Vozisag" {rF+ Int+6 Dex-3}

@: somewhat resistant to hostile enchantments, unstealthy
A: no food or potions, fire vulnerability, cold resistance 1, negative energy
resistance 3, torment resistance, unbreathing
a: Channel Energy, Forget Spell, Renounce Religion


You were on level 1 of the Lair of Beasts.
You worshipped Sif Muna.
Sif Muna was extremely pleased with you.
You were not hungry.

You visited 4 branches of the dungeon, and saw 16 of its levels.

You collected 847 gold pieces.
You spent 323 gold pieces at shops.

Inventory:

Hand Weapons
 f - a +0 club
 k - a +0 dagger of venom
 t - a +0 trident (weapon)
Armour
 a - a +0 robe
 b - a +0 hat
 g - a +0 cloak (worn)
 h - a +0 pair of boots (worn)
 o - a +2 robe of positive energy (worn)
 x - a +0 helmet (worn)
 C - a +0 buckler (worn)
 M - a +0 cloak
Jewellery
 w - a +1 ring of protection
 y - an amulet of rage (around neck)
 z - the ring of Kifeifin {rN+ MR+ Dex+3}
   (You found it on level 7 of the Dungeon)

   [ring of positive energy]

   It affects your dexterity (+3).
   It protects you from negative energy.
   It affects your resistance to hostile enchantments.
 B - the ring "Vozisag" (left hand) {rF+ Int+6 Dex-3}
   (You bought it in a shop on level 7 of the Dungeon)

   [ring of dexterity]

   It affects your intelligence (+6).
   It affects your dexterity (-3).
   It protects you from fire.
 E - a ring of see invisible (right hand)
Wands
 n - a wand of heal wounds (0/9)
 p - a wand of slowing (38/48)
 F - a wand of iceblast (8/15)
 G - a wand of paralysis (6/24)
 K - a wand of iceblast (5/15)
Scrolls
 d - 7 scrolls of remove curse
 e - 2 scrolls of amnesia
 i - 2 scrolls of identify
 j - 3 scrolls of blinking
 m - 4 scrolls of enchant armour
 q - 2 scrolls of enchant weapon {unknown}
 r - a scroll of magic mapping {unknown}
 v - 2 scrolls of random uselessness {unknown}
 A - 2 scrolls of immolation
 H - a scroll of fear {unknown}
 I - 3 scrolls of teleportation
 J - a scroll of recharging {unknown}
 L - a scroll of brand weapon {unknown}
Books
 c - a book of Minor Magic

   Spells                             Type                      Level
   a - Magic Dart                     Conjuration                  1
   b - Blink                          Translocation                2
   c - Call Imp                       Summoning                    2
   d - Repel Missiles                 Charms/Air                   2
   e - Slow                           Hexes                        2
   f - Conjure Flame                  Conjuration/Fire             3
   g - Mephitic Cloud                 Conjuration/Poison/Air       3
 l - a book of Death

   Spells                             Type                      Level
   a - Corpse Rot                     Necromancy                   2
   b - Sublimation of Blood           Necromancy                   2
   c - Agony                          Necromancy                   5
   d - Dispel Undead                  Necromancy                   5
   e - Excruciating Wounds            Charms/Necromancy            5
   f - Bolt of Draining               Conjuration/Necromancy       5
 s - a book of Fire

   Spells                             Type                      Level
   a - Ignite Poison                  Fire/Transmutation/Poison    3
   b - Fireball                       Conjuration/Fire             5
   c - Bolt of Fire                   Conjuration/Fire             6
   d - Delayed Fireball               Conjuration/Fire             7
   e - Ring of Flames                 Charms/Fire                  7
 u - a book of Unlife

   Spells                             Type                      Level
   a - Recall                         Summoning/Translocation      3
   b - Animate Dead                   Necromancy                   4
   c - Control Undead                 Necromancy                   4
   d - Cigotuvi's Embrace             Necromancy                   5
   e - Death Channel                  Necromancy                   6
   f - Simulacrum                     Ice/Necromancy               6
 D - a book of Changes

   Spells                             Type                      Level
   a - Beastly Appendage              Transmutation                1
   b - Sticks to Snakes               Transmutation                2
   c - Spider Form                    Transmutation/Poison         3
   d - Ice Form                       Ice/Transmutation            4
   e - Blade Hands                    Transmutation                5


   Skills:
 + Level 3.0 Fighting
 * Level 3.9 Polearms
 + Level 4.6 Dodging
 - Level 1.5 Stealth
 + Level 0.7 Shields
 - Level 6.0 Spellcasting
 + Level 4.0 Conjurations
 * Level 10.1 Summonings
 - Level 0.7 Translocations
 - Level 0.1 Poison Magic
 - Level 6.2 Invocations


You had 8 spell levels left.
You knew the following spells:

 Your Spells              Type           Power        Failure   Level  Hunger
a - Magic Dart            Conj           ####         1%          1    N/A
b - Call Imp              Summ           ######..     1%          2    N/A
c - Blink                 Tloc           N/A          12%         2    N/A
d - Conjure Flame         Conj/Fire      ###.....     14%         3    N/A
e - Mephitic Cloud        Conj/Pois/Air  ###.....     21%         3    N/A
f - Recall                Summ/Tloc      N/A          3%          3    N/A

Dungeon Overview and Level Annotations

Branches:
Dungeon (12/15)            Temple (1/1) D:4            Lair (2/8) D:9
    Orc (1/2) D:11

Altars:
Ashenzari
Cheibriados
Dithmenos
Elyvilon
Fedhas
Gozag
Kikubaaqudgha
Makhleb
Nemelex Xobeh
Okawaru
Ru
Sif Muna
Trog
Vehumet
Xom
Yredelemnul
Zin
The Shining One

Shops:
D:7 =   D:8 }


Innate Abilities, Weirdness & Mutations

You do not eat or drink.
Your flesh is vulnerable to fire.
You are immune to poison.
Your flesh is cold resistant.
You are immune to negative energy.
You are immune to unholy pain and torment.
You can survive without breathing.


Message History

The four-headed hydra bites your shadow imp!
Your shadow imp dies!
Casting: Call Imp
Confirm with . or Enter, or press ? or * to list all spells.
A beastly little devil appears in a puff of flame.
The four-headed hydra roars!
Your magical contamination has completely faded away.
Your crimson imp blinks!
You channel some magical energy.
Your crimson imp hits the four-headed hydra.
You channel some magical energy.
Your crimson imp blinks!
Casting: Call Imp
Confirm with . or Enter, or press ? or * to list all spells.
You miscast Blink.
Sif Muna protects you from the effects of your miscast!
The four-headed hydra bites you. The four-headed hydra bites you!
* * * LOW HITPOINT WARNING * * *
The four-headed hydra bites you!
You die...

##..............#
##..........#..#
#.............#
##........#...##
#.............##
##...............
##................
#####.D....5.......[..
#P##.@.......##....#..
##....##.########...#..
#.....#### #.....⌠
##....# #....#. ##...##
#...... #....# ##...#.
##...## #....#
#P....### #...##
##.>.#..# ##.##


You could see a four-headed hydra and a friendly crimson imp.

Vanquished Creatures
  An unseen horror (D:11)
  A hill giant (D:11)
  A centaur zombie (D:11)
  A spiny frog (Lair:1)
  A shadow (D:11)
  10 yaks
  2 hippogriffs (Lair:1)
  A hungry ghost (D:11)
  2 orc warriors
  A sky beast (D:11)
  A black bear (D:10)
  2 necrophages
  A phantom (D:8)
  An ice beast (D:10)
  4 iguanas
  A wolf (D:8)
  A centaur (D:10)
  3 giant frogs
  A scorpion (D:4)
  A killer bee (D:10)
  A wight (D:7)
  An electric eel (D:11)
  A giant frog zombie (D:5)
  A howler monkey (D:9)
  3 crimson imps
  A jelly (D:10)
  A centaur skeleton (D:7)
  5 hounds
  An orc priest (D:11)
  4 orc wizards
  3 worker ants
  A sheep (Lair:1)
  A hound skeleton (D:9)
  A worker ant zombie (D:9)
  2 adders (D:11)
  2 shadow imps
  An ooze (D:1)
  An adder skeleton (D:5)
  A worm (D:2)
  2 dart slugs
  2 giant geckos
  19 orcs
  A ball python (D:4)
  2 giant cockroaches
  A goblin (D:1)
  2 hobgoblins
  2 jackals
  4 quokkas
  A bat (D:2)
  3 giant newts
  A gnoll zombie (D:2)
  3 kobolds
  A quokka skeleton (D:4)
  4 rats
  A fungus (D:1)
118 creatures vanquished.

Vanquished Creatures (collateral kills)
  The ghost of Zleub the Protected, a novice MiFi of Pakellas (D:9)
  The ghost of ThereIsNoGod the Unseen, a novice OpAs of Pakellas (D:8)
  3 hill giants
  Pikel (D:7)
  The ghost of zeroDi the Covert, a novice VSAs of Okawaru (D:6)
  A komodo dragon (D:9)
  A merfolk (D:10)
  A yak (Lair:1)
  Grum (D:8)
  A wyvern (D:9)
  A hippogriff (D:10)
  A water moccasin (Lair:1)
  3 porcupines
  4 orc warriors
  2 slaves (D:7)
  An eye of draining (D:10)
  2 ice beasts
  2 necrophages
  7 ogres
  2 wolves (D:8)
  2 centaurs (D:6)
  4 giant frogs
  A wyvern skeleton (D:11)
  A scorpion (D:4)
  8 killer bees
  3 wights (D:7)
  2 electric eels (D:6)
  7 howler monkeys
  A giant frog zombie (D:8)
  2 crimson imps (D:7)
  3 jellies
  6 orc priests
  5 hounds
  A centaur zombie (D:5)
  3 centaur skeletons
  9 orc wizards
  2 giant frog skeletons
  2 iguanas
  5 worker ants
  6 sheep (Lair:1)
  A killer bee zombie (D:10)
  2 hound skeletons
  16 adders
  A gnoll (D:4)
  A shadow imp (D:7)
  An adder skeleton (D:7)
  2 worms (D:3)
  2 giant geckos
  37 orcs
  4 giant cockroaches
  A gnoll zombie (D:2)
  2 goblins
  4 hobgoblins
  12 jackals
  7 kobolds
  A quokka (D:7)
  2 ball pythons
  2 giant newts
  A quokka skeleton (D:8)
  2 rats
211 creatures vanquished.

Vanquished Creatures (others)
  A slave (D:8)
  2 orc wizards (D:4)
  A giant gecko (D:4)
  An orc (D:9)
  2 quokkas (D:4)
  A fungus (D:1)
  8 plants (D:9)
16 creatures vanquished.

Grand Total: 345 creatures vanquished

Notes
Turn   | Place    | Note
--------------------------------------------------------------
     0 | D:1      | Hipnos the Mummy Wizard began the quest for the Orb.
     0 | D:1      | Reached XP level 1. HP: 13/13 MP: 4/4
   180 | D:1      | Reached skill level 1 in Conjurations
   846 | D:1      | Reached XP level 2. HP: 4/19 MP: 0/6
   850 | D:1      | Learned a level 2 spell: Call Imp
  1198 | D:1      | Reached skill level 1 in Summonings
  1817 | D:2      | Reached XP level 3. HP: 22/24 MP: 2/7
  2023 | D:2      | Reached skill level 2 in Summonings
  2979 | D:2      | Found a basalt altar of Yredelemnul.
  3141 | D:3      | Learned a level 2 spell: Blink
  3145 | D:3      | Learned a level 3 spell: Conjure Flame
  3349 | D:3      | Reached XP level 4. HP: 30/30 MP: 3/8
  3376 | D:3      | Found a faded altar to an unknown god.
  3412 | D:3      | Reached skill level 3 in Summonings
  3911 | D:3      | Found a glowing golden altar of the Shining One.
  4074 | D:4      | Noticed an ogre
  4113 | D:4      | Killed an ogre
  4113 | D:4      | Reached XP level 5. HP: 9/35 MP: 0/10
  4536 | D:4      | Found a shimmering altar of Xom.
  4681 | D:4      | Reached skill level 4 in Summonings
  4715 | D:4      | Noticed an ogre
  4835 | D:4      | Killed an ogre
  4835 | D:4      | Reached XP level 6. HP: 30/42 MP: 0/11
  5518 | D:4      | Found a snail-covered altar of Cheibriados.
  6094 | D:4      | Found a white marble altar of Elyvilon.
  6180 | D:4      | Found a staircase to the Ecumenical Temple.
  6188 | Temple   | Entered the Ecumenical Temple
  6203 | Temple   | Became a worshipper of Sif Muna the Loreminder
  6598 | D:5      | Entered Level 5 of the Dungeon
  6615 | D:5      | Reached XP level 7. HP: 44/47 MP: 5/13
  6841 | D:5      | Reached skill level 5 in Summonings
  7288 | D:5      | Found a shadowy altar of Dithmenos.
  8307 | D:6      | Reached skill level 5 in Spellcasting
  8335 | D:6      | Noticed zeroDi's ghost (novice VSAs)
  8355 | D:6      | Killed zeroDi's ghost
  8355 | D:6      | Reached * piety under Sif Muna
  8355 | D:6      | Reached skill level 6 in Summonings
  8643 | D:7      | Learned a level 3 spell: Mephitic Cloud
  8674 | D:6      | Reached skill level 1 in Fighting
  8674 | D:6      | Reached XP level 8. HP: 32/54 MP: 1/15
  9207 | D:7      | Got a warped wooden ring
  9208 | D:7      | Identified the ring of Kifeifin {rN+ MR+ Dex+3} (You found it on level 7 of the Dungeon)
  9342 | D:7      | Found Nepis's Jewellery Emporium.
  9358 | D:7      | Bought the cursed ring "Vozisag" {rF+ Int+6 Dex-3} for 323 gold pieces
  9369 | D:7      | Reached skill level 1 in Invocations
 10472 | D:8      | Noticed ThereIsNoGod's ghost (novice OpAs)
 10536 | D:7      | Reached ** piety under Sif Muna
 11241 | D:8      | Noticed Grum
 11522 | D:8      | Found Deckio's Gadget Boutique.
 11602 | D:8      | Reached skill level 7 in Summonings
 11858 | D:8      | Reached XP level 9. HP: 59/59 MP: 3/17
 13445 | D:8      | Noticed Pikel
 14161 | D:7      | Killed Pikel
 14161 | D:7      | Reached *** piety under Sif Muna
 14161 | D:7      | Reached skill level 1 in Polearms
 14308 | D:8      | Killed ThereIsNoGod's ghost
 14679 | D:8      | Killed Grum
 14679 | D:8      | Reached skill level 8 in Summonings
 14771 | D:8      | Noticed a hill giant
 14804 | D:8      | Killed a hill giant
 15130 | D:9      | Found a white marble altar of Elyvilon.
 15178 | D:9      | Found a staircase to the Lair.
 15179 | D:9      | Noticed a komodo dragon
 15194 | D:9      | Noticed Zleub's ghost (novice MiFi)
 15250 | D:9      | Killed Zleub's ghost
 15300 | D:9      | Identified a scroll of acquirement
 15449 | D:9      | Reached XP level 10. HP: 64/67 MP: 17/19
 15980 | Lair:1   | Entered Level 1 of the Lair of Beasts
 16185 | Lair:1   | Reached **** piety under Sif Muna
 16578 | Lair:1   | Reached skill level 9 in Summonings
 16787 | Lair:1   | Reached skill level 5 in Invocations
 17149 | Lair:1   | Noticed a spiny frog
 17183 | Lair:1   | Killed a spiny frog
 17333 | Lair:1   | Noticed a four-headed hydra
 17438 | Lair:1   | HP: 2/68 [four-headed hydra (15)]
 18084 | D:10     | Entered Level 10 of the Dungeon
 19023 | D:10     | Reached ***** piety under Sif Muna
 19726 | D:11     | Noticed a hill giant
 19755 | D:11     | Killed a hill giant
 19789 | D:11     | Found a staircase to the Orcish Mines.
 19792 | D:11     | Noticed a hill giant
 19901 | D:11     | Killed a hill giant
 19901 | D:11     | Reached XP level 11. HP: 37/74 MP: 9/20
 20574 | D:11     | Noticed an unseen horror
 20619 | D:11     | Killed an unseen horror
 21363 | D:11     | Reached skill level 10 in Summonings
 21381 | D:11     | Noticed a hill giant
 21503 | D:11     | Killed a hill giant
 21600 | D:11     | Learned a level 3 spell: Recall
 21941 | Orc:1    | Entered Level 1 of the Orcish Mines
 21941 | Orc:1    | Noticed an orc sorcerer
 21941 | Orc:1    | Noticed an orc knight
 21979 | D:12     | Noticed an unseen horror
 22052 | D:12     | Noticed a green ugly thing
 22245 | Lair:1   | Slain by a four-headed hydra

Skill      XL: |  1  2  3  4  5  6  7  8  9 10 11 |
---------------+----------------------------------+-----
Conjurations   | 1 3 4 |  4.0
Summonings     | 1 2 3 4 6 7 8 9 10 | 10.1
Spellcasting   | 4 5 6 |  6.0
Dodging        | 2 3 4 |  4.6
Fighting       | 1 2 3 |  3.0
Invocations    | 2 4 6 |  6.2
Polearms       | 2 3 |  3.9
Stealth        | |  1.5
Shields        | |  0.7
Translocations | |  0.7
Poison Magic   | |  0.1

Action                   |  1- 3 |  4- 6 |  7- 9 | 10-12 || total
-------------------------+-------+-------+-------+-------++-------
Melee: Club              |    74 |       |       |       ||    74
       Unarmed           |     6 |       |       |       ||     6
       Dagger            |       |    33 |       |       ||    33
       Trident           |       |     2 |   290 |   267 ||   559
 Cast: Magic Dart        |    56 |     9 |    10 |   137 ||   212
       Call Imp          |    39 |    98 |   440 |   212 ||   789
       Mephitic Cloud    |       |       |     1 |    56 ||    57
       Blink             |       |       |       |    32 ||    32
       Conjure Flame     |       |       |       |    10 ||    10
Invok: Channel Energy    |       |       |   163 |   149 ||   312
Evoke: Wand              |       |       |     2 |       ||     2
  Use: Scroll            |       |       |    10 |     3 ||    13
 Stab: Distracted        |       |     1 |     7 |     5 ||    13
       Confused          |       |       |       |     2 ||     2
       Sleeping          |       |       |       |     2 ||     2
Armor: Robe              |    22 |    24 |   190 |    96 ||   332
Dodge: Dodged            |    58 |    43 |   310 |   200 ||   611
Block: Buckler           |       |       |    45 |    47 ||    92
